 Dungeon Crawl Stone Soup version 0.29.0-4-gdea44cf6ec (webtiles) character file.

Game seed: 5912286609918223037

546 qw the Ruffian (level 7, 0/66 HPs)
             Began as a Troll Cinder Acolyte on Sept 3, 2022.
             Was a High Priest of Ignis.
             Slain by Sigmund
             ... wielding a +0 scythe
              (6 damage)
             ... on level 4 of the Dungeon.
             The game lasted 00:02:00 (2493 turns).

qw the Ruffian (Troll Cinder Acolyte)               Turns: 2493, Time: 00:02:01

Health: 0/66       AC: 11    Str: 25    XL:     7   Next: 6%
Magic:  7/7        EV:  9    Int: 10    God:    Ignis [*****.]
Gold:   142        SH:  0    Dex:  5    Spells: 8/8 levels left

rFire   + . .      SeeInvis .     - Unarmed
rCold   . . .      Faith    .   (no shield)
rNeg    . . .      Spirit   .   a - +0 robe
rPois   .          Reflect  .   (helmet restricted)
rElec   .          Harm     .   (no cloak)
rCorr   .          Rampage  .   (gloves unavailable)
Will    .....                   (boots unavailable)
Stlth   +.........              (no amulet)
HPRegen 1.01/turn               (no ring)
MPRegen 0.10/turn               (no ring)

@: fiery-armoured
A: large, unfitting armour, claws 3, regeneration 1, shaggy fur 1, tough skin 1
a: Renounce Religion, Fiery Armour, Foxfire Swarm, Rising Flame


You were on level 4 of the Dungeon.
You worshipped Ignis.
Ignis was extremely pleased with you.
You visited 1 branch of the dungeon, and saw 4 of its levels.

You collected 142 gold pieces.


Innate Abilities, Weirdness & Mutations

You are too large for most types of armour.
You have claws for hands.
Your natural rate of healing is unusually fast.
You are covered in fur. (AC +1)
You have tough skin. (AC +1)


   Skills:
 - Level 2.4 Fighting
 - Level 2.1 Throwing
 + Level 7.6 Unarmed Combat
 - Level 1.0 Spellcasting
 - Level 2.1 Fire Magic


You had 8 spell levels left.
You didn't know any spells.
Your spell library contained the following spells:

 Spells                   Type           Power      Damage    Failure   Level
 Scorch                   Fire           8%         2d5       22%         2

Inventory:

Armour
 a - a +0 robe (worn)
 d - a +0 kite shield
Potions
 b - a potion of haste {unknown}
 c - a potion of resistance {unknown}
 e - a potion of ambrosia {unknown}
 g - a potion of attraction {unknown}
 i - a potion of mutation {unknown}
 j - a potion of flight {unknown}
 l - a potion of invisibility {unknown}

Dungeon Overview and Level Annotations

Branches:
Dungeon (4/15)             Temple (0/1) D:4

Altars:
Kikubaaqudgha
Qazlal
Wu Jian

Shops:
D:2 =

Annotations:
D:4 Sigmund


Message History

You feel sick.
You are no longer poisoned.
You hear a zap.
A puff of flame appears from out of thin air!
The puff of flame hits you but does no damage.
You closely miss the wight. Your claw misses the wight.
The wight is severely damaged.
The wight closely misses you. Something hits you.
You claw the wight!
You destroy the wight!
You scratch the orc.
The orc is heavily wounded.
The orc hits you but does no damage. Something hits you but does no damage.
You scratch the orc but do no damage.
The orc is heavily wounded.
The orc hits you but does no damage.
The orc is burned by your cloak of flames.
You kill the orc!
You scratch the wight.
The wight is moderately damaged.
Something hits you but does no damage. The wight hits you with a +3 hand axe.
You feel drained.
The wight is burned by your cloak of flames.
The wight is severely damaged.
The orc barely misses you.
You closely miss the wight.
The wight is severely damaged.
You claw the wight!
You destroy the wight!
The orc closely misses you.
You hear a zap.
A puff of flame appears from out of thin air!
The puff of flame hits you but does no damage.
Your life force feels restored.
You have reached level 7!
The orc hits you but does no damage.
The orc is burned by your cloak of flames.
The orc is severely wounded.
Something hits you.
You die...

..... ###.. #.## ....
....... ..... ...
.......~ ~~~...
#(.###.....~~~~~~~~~.
#..#.....~~~~~~~~~~~~
####..#.##.~~~~~~...~~~~
#..oz.)....~~~~~~.>.~~~~
+.!...#oz#.~~~~~~...~~~~
#...zo#@{o.~~~~~~~~~~~~~
#.o...#)#...~~~~~~~~~~~~
.......#.##....~~~~~~~~~.
.......#.##......~~~~~...
.......#.##..............
.......#.##.#...#####...#
#.##.##..# #..).#
#.##.##..####.#..#
#.##.##...#...#.?#


You could see a wight and 2 orcs.

Vanquished Creatures
  A scorpion (D:4)
  4 wights (D:4)
  A hound (D:3)
  Ijyb (D:3)
  An orc wizard (D:3)
  6 adders
  A gnoll (D:1)
  A shadow imp (D:4)
  4 worms (D:2)
  2 dart slugs
  9 orcs
  6 endoplasms
  15 giant cockroaches
  3 goblins
  7 hobgoblins
  5 jackals
  13 kobolds
  5 quokkas
  6 ball pythons
  10 bats
  7 frilled lizards
  5 rats
113 creatures vanquished.

Vanquished Creatures (others)
  8 demonic plants (D:2)
  A fungus (D:2)
  4 plants (D:2)
  6 withered plants (D:2)
19 creatures vanquished.

Grand Total: 132 creatures vanquished

Notes
Turn   | Place    | Note
-------+----------+-------------------------------------------
     0 | D:1      | qw the Troll Cinder Acolyte began the quest for the Orb.
     0 | D:1      | Reached XP level 1. HP: 22/22 MP: 1/1
     0 | D:1      | 0 ||| qw: Version: 0.1-a-102-g441f92d
     0 | D:1      | 0 ||| qw: Game counter: 5230
     0 | D:1      | 0 ||| qw: Always use a shield: true
     0 | D:1      | 0 ||| qw: God list: Okawaru
     0 | D:1      | 0 ||| qw: Allow faded altars: false
     0 | D:1      | 0 ||| qw: Do Orc after D:15 true
     0 | D:1      | 0 ||| qw: Do second Lair branch before Depths: true
     0 | D:1      | 0 ||| qw: Lair rune preference: random
     0 | D:1      | 0 ||| qw: Plans: Normal
     0 | D:1      | 0 ||| PLANNING D:1-11
   104 | D:1      | 104 ||| Stepping ~*~*~tactically~*~*~ (stealth).
   105 | D:1      | 105 ||| Stepping ~*~*~tactically~*~*~ (stealth).
   106 | D:1      | 106 ||| Stepping ~*~*~tactically~*~*~ (stealth).
   110 | D:1      | Reached XP level 2. HP: 29/29 MP: 2/2
   160 | D:1      | 160 ||| Stepping ~*~*~tactically~*~*~ (outnumbered).
   161 | D:1      | 161 ||| Stepping ~*~*~tactically~*~*~ (outnumbered).
   162 | D:1      | 162 ||| Stepping ~*~*~tactically~*~*~ (outnumbered).
   163 | D:1      | 163 ||| Stepping ~*~*~tactically~*~*~ (outnumbered).
   164 | D:1      | 164 ||| Stepping ~*~*~tactically~*~*~ (outnumbered).
   407 | D:1      | Reached skill level 4 in Unarmed Combat
   428 | D:1      | 428 ||| Stepping ~*~*~tactically~*~*~ (outnumbered).
   429 | D:1      | 429 ||| Stepping ~*~*~tactically~*~*~ (outnumbered).
   446 | D:1      | Reached XP level 3. HP: 36/36 MP: 3/3
   759 | D:1      | 759 ||| READING 2 scrolls labelled TUACIS LAARA.
   760 | D:1      | 760 ||| DROPPING scroll of butterflies.
   782 | D:2      | Found Ihemeg's Jewellery Emporium.
   791 | D:2      | You fall into a shaft and drop 1 floor!
   794 | D:3      | 794 ||| READING scroll labelled VILIETIOSAA.
   812 | D:3      | 812 ||| STAIRDANCE
   822 | D:2      | Found an ornate altar of the Wu Jian Council.
   873 | D:2      | Identified the +8 mace "Zir Dakk" {freeze, *Rage Str+4
                  | Int+9 Dex-2}
   893 | D:2      | 893 ||| SHOPLISTING +4 ring of evasion (396 gold, have 42).
   893 | D:2      | 893 ||| SHOPLISTING amulet of guardian spirit (330 gold,
                  | have 42).
   893 | D:2      | 893 ||| SHOPLISTING amulet of reflection (330 gold, have
                  | 42).
   893 | D:2      | 893 ||| SHOPLISTING amulet of the acrobat (330 gold, have
                  | 42).
   893 | D:2      | 893 ||| SHOPLISTING ring of Lugonu's Anger {rElec rPois
                  | Str+6 Int+3} (665 gold, have 42).
   893 | D:2      | 893 ||| SHOPLISTING ring of fire (275 gold, have 42).
   893 | D:2      | 893 ||| SHOPLISTING ring of protection from cold (275 gold,
                  | have 42).
   965 | D:2      | Reached skill level 1 in Throwing
   965 | D:2      | 965 ||| Stepping ~*~*~tactically~*~*~ (stealth).
   970 | D:2      | 970 ||| Stepping ~*~*~tactically~*~*~ (stealth).
   972 | D:2      | Reached XP level 4. HP: 44/44 MP: 4/4
  1209 | D:2      | 1209 ||| Stepping ~*~*~tactically~*~*~ (outnumbered).
  1214 | D:2      | Reached skill level 5 in Unarmed Combat
  1219 | D:2      | 1219 ||| Stepping ~*~*~tactically~*~*~ (outnumbered).
  1223 | D:2      | 1223 ||| Stepping ~*~*~tactically~*~*~ (outnumbered).
  1235 | D:2      | 1235 ||| Stepping ~*~*~tactically~*~*~ (stealth).
  1282 | D:2      | Found a faded altar of an unknown god.
  1353 | D:2      | 1353 ||| Stepping ~*~*~tactically~*~*~ (hiding).
  1357 | D:2      | 1357 ||| Stepping ~*~*~tactically~*~*~ (hiding).
  1500 | D:2      | 1500 ||| READING scroll labelled ZAC YXKIOMU.
  1501 | D:2      | 1501 ||| READING scroll labelled GOFY VURUY.
  1524 | D:2      | 1524 ||| READING scroll labelled OSYAZA SIDI.
  1525 | D:2      | 1525 ||| READING scroll labelled QABBEOCINO.
  1530 | D:2      | 1530 ||| DRINKING 2 purple potions.
  1559 | D:3      | Noticed Ijyb
  1565 | D:3      | 1565 ||| DRINKING potion of curing.
  1565 | D:3      | 1565 ||| (to cure confusion)
  1587 | D:3      | Killed Ijyb
  1635 | D:3      | Reached XP level 5. HP: 50/50 MP: 5/5
  1776 | D:3      | Found an ancient bone altar of Kikubaaqudgha.
  1777 | D:3      | Found a stormy altar of Qazlal.
  1846 | D:3      | 1846 ||| Stepping ~*~*~tactically~*~*~ (outnumbered).
  1847 | D:3      | 1847 ||| Stepping ~*~*~tactically~*~*~ (outnumbered).
  1848 | D:3      | 1848 ||| Stepping ~*~*~tactically~*~*~ (outnumbered).
  1849 | D:3      | 1849 ||| Stepping ~*~*~tactically~*~*~ (outnumbered).
  1850 | D:3      | 1850 ||| Stepping ~*~*~tactically~*~*~ (outnumbered).
  1852 | D:3      | 1852 ||| Stepping ~*~*~tactically~*~*~ (outnumbered).
  1853 | D:3      | 1853 ||| Stepping ~*~*~tactically~*~*~ (outnumbered).
  1854 | D:3      | 1854 ||| Stepping ~*~*~tactically~*~*~ (outnumbered).
  1887 | D:3      | Reached skill level 6 in Unarmed Combat
  1908 | D:3      | 1908 ||| Stepping ~*~*~tactically~*~*~ (stealth).
  1913 | D:3      | 1913 ||| Stepping ~*~*~tactically~*~*~ (stealth).
  1917 | D:3      | 1917 ||| Stepping ~*~*~tactically~*~*~ (stealth).
  1965 | D:3      | 1965 ||| Stepping ~*~*~tactically~*~*~ (stealth).
  1999 | D:3      | 1999 ||| Stepping ~*~*~tactically~*~*~ (hiding).
  2032 | D:3      | Found an ornate altar of the Wu Jian Council.
  2172 | D:3      | 2172 ||| Stepping ~*~*~tactically~*~*~ (stealth).
  2237 | D:3      | 2237 ||| READING 3 scrolls labelled ZIMOGU EBIONG.
  2238 | D:3      | 2238 ||| READING scroll labelled OCEDWUJ GIASI.
  2239 | D:3      | 2239 ||| DROPPING 2 scrolls of blinking.
  2263 | D:4      | Found a staircase to the Ecumenical Temple.
  2361 | D:4      | Reached XP level 6. HP: 40/59 MP: 6/6
  2361 | D:4      | 2361 ||| FLEEEEING.
  2362 | D:4      | 2362 ||| FLEEEEING.
  2363 | D:4      | 2363 ||| FLEEEEING.
  2364 | D:4      | 2364 ||| FLEEEEING.
  2365 | D:4      | 2365 ||| FLEEEEING.
  2366 | D:4      | 2366 ||| FLEEEEING.
  2367 | D:4      | 2367 ||| FLEEEEING.
  2368 | D:4      | 2368 ||| FLEEEEING.
  2369 | D:4      | 2369 ||| FLEEEEING.
  2370 | D:4      | 2370 ||| FLEEEEING.
  2371 | D:4      | 2371 ||| FLEEEEING.
  2372 | D:4      | 2372 ||| FLEEEEING.
  2373 | D:4      | 2373 ||| FLEEEEING.
  2374 | D:4      | 2374 ||| FLEEEEING.
  2456 | D:4      | Noticed Sigmund
  2457 | D:4      | 2457 ||| Stepping ~*~*~tactically~*~*~ (stealth).
  2459 | D:4      | 2459 ||| FLEEEEING.
  2464 | D:4      | 2464 ||| INVOKING Fiery Armour.
  2465 | D:4      | 2465 ||| Stepping ~*~*~tactically~*~*~ (outnumbered).
  2476 | D:4      | 2476 ||| Stepping ~*~*~tactically~*~*~ (outnumbered).
  2477 | D:4      | 2477 ||| Stepping ~*~*~tactically~*~*~ (hiding).
  2479 | D:4      | 2479 ||| Stepping ~*~*~tactically~*~*~ (hiding).
  2481 | D:4      | 2481 ||| Stepping ~*~*~tactically~*~*~ (outnumbered).
  2482 | D:4      | HP: 13/57 [something (6)]
  2483 | D:4      | Reached skill level 7 in Unarmed Combat
  2485 | D:4      | HP: 6/59 [poisoned by a scorpion]
  2486 | D:4      | HP: 2/59 [something (5)]
  2493 | D:4      | Reached XP level 7. HP: 5/66 MP: 7/7
  2493 | D:4      | Slain by Sigmund

Levels and vault maps discovered:
D:1:      dpeg_arrival_stone_temple_mockup, layout_basic
D:2:      minmay_roachtagon, layout_rooms, basic_altar, serial_shops, shop,
          shapermc_ecumenical_altar_gd, minmay_unequal
D:3:      minmay_razor_zed, layout_rooms, nzn_wu_jian_contemplation,
          nicolae_overflow_hidden_temple, minmay_misc_feat_tower, uniq_ijyb
D:4:      cheibrodos_quashed, layout_basic, temple_pool_b,
          serial_park_tiny_pond, uniq_sigmund, uniq_duvessa

Skill      XL: |  1  2  3  4  5  6 |
---------------+-------------------+-----
Unarmed Combat | 4 5 6 7 |  7.6
Throwing       | 1 2 |  2.1
Fighting       | |  2.4
Spellcasting   | |  1.0
Fire Magic     | |  2.1

Action                   |  1- 3 |  4- 6 |  7- 9 || total
-------------------------+-------+-------+-------++-------
Melee: Unarmed           |   109 |   167 |       ||   276
       Punch             |     3 |     4 |       ||     7
Throw: Large rock        |     7 |    20 |       ||    27
       Boomerang         |       |    10 |       ||    10
Invok: Fiery Armour      |       |     1 |       ||     1
  Use: Scroll            |     2 |     6 |       ||     8
       Potion            |       |     2 |       ||     2
Armor: Robe              |    35 |    64 |     1 ||   100
Dodge: Dodged            |    58 |    90 |       ||   148

Table legend:
 A = Non-vault XP
 B = Vault XP
 C = Vault XP percentage of total XP
 D = Non-vault monster count
 E = Vault monster count
 F = Vault count percentage of total count
                 A         B        C        D         E       F
            +---------+---------+-------+---------+---------+-------
      Total |     618 |     162 |  20.8 |      78 |      35 |  31.0
            +---------+---------+-------+---------+---------+-------
        D:1 |      58 |       0 |   0.0 |      30 |       0 |   0.0
        D:2 |      64 |      32 |  33.3 |      17 |      15 |  46.9
        D:3 |      82 |     130 |  61.3 |      13 |      20 |  60.6
        D:4 |     414 |       0 |   0.0 |      18 |       0 |   0.0
            +---------+---------+-------+---------+---------+-------
